Map: Eternal Empire LE

Players

Cham - Winner!

  • Race: Zerg Zerg
  • League: Grandmaster
  • Spawn Location: 7:00

Kelazhur

  • Race: Terran Terran
  • League: Master
  • Spawn Location: 1:00

Event: DreamHack SC2 Masters 2020 Fall

VOD

Have the link to the VOD?

Description

Time

  • Played on: Aug. 26, 2020, 4:43 p.m.
  • Length: 12:17

All games in this series

Show
View Real Time Build Order
Export as new Build Order

Cham Zerg - Winner!

Build Orders: Hatch First, Muta Ling Bane 

Get SALT Encoding   

  12  0:00  Drone  
  13  0:08  Drone  
  14  0:17  Overlord  
  14  0:35  Drone x2  
  16  0:47  Hatchery  
  15  0:51  Drone  
  15  0:56  Drone  
  17  0:59  Drone  
  18  1:10  Extractor  
  17  1:13  Spawning Pool  
  17  1:17  Drone  
  17  1:20  Drone  
  18  1:29  Drone  
  19  1:41  Drone  
  20  1:54  Overlord  
  20  2:00  Queen x2  
  20  2:01  Zergling x4  
  26  2:12  Drone x2  
  26  2:13  Metabolic Boost  
  28  2:21  Drone  
  29  2:25  Drone  
  30  2:37  Hatchery  
  30  2:43  Queen  
  30  2:50  Drone x2  
  32  2:55  Overlord  
  32  2:58  Drone  
  32  2:59  Drone  
  32  3:01  Drone  
  35  3:06  Overlord  
  35  3:17  Drone x3  
  38  3:23  Drone x2  
  38  3:25  Queen  
  42  3:40  Drone x4  
  46  3:41  Overlord  
  46  3:44  Zergling x2  
  46  3:45  Zergling x6  
  46  3:47  Lair  
  50  3:56  Extractor  
  50  3:57  Drone x2  
  50  3:59  Queen  
  50  4:00  Zergling x4  
  50  4:02  Drone  
  56  4:04  Drone  
  56  4:05  Drone  
  58  4:10  Queen  
  58  4:11  Drone  
  61  4:17  Baneling Nest  
  61  4:19  Overlord  
  61  4:22  Overlord  
  60  4:31  Overlord  
  60  4:37  Drone x2  
  60  4:38  Drone x3  
  65  4:39  Overlord  
  65  4:42  Zergling x6  
  65  4:43  Drone x2  
  70  4:50  Spore Crawler  
  70  4:51  Overseer  
  69  4:55  Spore Crawler  
  69  4:58  Spire  
  67  5:02  Drone x4  
  67  5:03  Overlord  
  67  5:05  Drone  
  72  5:07  Drone  
  72  5:12  Overlord x2  
  72  5:13  Drone  
  74  5:16  Extractor  
  74  5:17  Extractor  
  74  5:18  Drone  
  74  5:19  Extractor x2  
  74  5:20  Drone x2  
  73  5:29  Drone x2  
  73  5:30  Drone x6  
  73  5:35  Overlord  
  80  5:36  Zergling x2  
  80  5:37  Zergling x2  
  80  5:39  Zergling x2  
  79  5:50  Hatchery, Drone x2  
  79  5:53  Drone  
  81  6:00  Drone x2  
  81  6:02  Drone  
  84  6:05  Overlord  
  84  6:10  Drone x4  
  88  6:14  Drone  
  88  6:15  Overlord  
  89  6:20  Mutalisk x2  
  89  6:22  Mutalisk  
  89  6:24  Mutalisk  
  97  6:28  Mutalisk  
  97  6:31  Hatchery  
  99  6:33  Mutalisk x2  
  99  6:36  Mutalisk  
  105  6:40  Mutalisk  
  105  6:43  Mutalisk  
  105  6:45  Drone x2  
  105  6:46  Drone x2  
  113  6:49  Evolution Chamber  
  113  6:50  Evolution Chamber  
  113  6:52  Mutalisk  
  113  6:53  Mutalisk  
  113  6:58  Overlord  
  113  7:00  Zergling x4  
  117  7:05  Overlord, Mutalisk x2  
  121  7:10  Overlord  
  121  7:11  Drone x2  
  121  7:15  Centrifical Hooks  
  123  7:19  Drone x4  
  127  7:28  Overlord  
  127  7:30  Drone x2  
  127  7:31  Drone x6  
  127  7:32  Drone  
  127  7:36  Zerg Ground Armor Level 1  
  136  7:40  Zerg Melee Weapons Level 1  
  136  7:41  Zergling x2, Overlord  
  136  7:42  Zergling x2  
  138  7:44  Overlord  
  138  7:45  Zergling x4  
  139  7:56  Mutalisk x4  
  146  7:58  Drone x3  
  146  8:00  Drone x2  
  146  8:04  Overlord  
  148  8:06  Drone x2  
  148  8:12  Mutalisk x2  
  150  8:14  Zergling x8  
  150  8:15  Zergling x4  
  150  8:17  Zergling x2  
  150  8:18  Zergling x2  
  162  8:22  Baneling x7  
  162  8:24  Zergling x10  
  167  8:30  Baneling x4  
  167  8:31  Zergling x8  
  167  8:32  Zergling x2  
  167  8:33  Baneling x2  
  172  8:34  Zergling x2, Unknown  
  172  8:40  Zergling x2  
  171  8:45  Baneling x3  
  171  8:46  Zergling x6, Baneling x2  
  174  8:49  Zergling x2  
  174  8:50  Zergling x2  
  174  8:55  Hatchery  
  172  8:57  Zergling x20  
  172  8:58  Infestation Pit  
  180  9:03  Zergling x2  
  180  9:04  Overlord  
  180  9:05  Zergling x2  
  180  9:07  Zergling x2  
  180  9:09  Zergling x2  
  184  9:16  Zergling x2  
  184  9:17  Zergling x8  
  189  9:23  Zergling x4  
  190  9:25  Zergling x2  
  173  9:36  Mutalisk x4  
  160  9:39  Zergling x2  
  160  9:41  Hive  
  160  9:42  Zerg Ground Armor Level 2, Zerg Melee Weapons Level 2  
  161  9:51  Zergling x14  
  161  9:52  Zergling x2  
  161  9:54  Hatchery  
  160  10:00  Baneling x5  
  160  10:01  Zergling x4, Baneling x6  
  160  10:03  Zergling x4  
  164  10:09  Overlord  
  164  10:12  Zergling x4  
  166  10:14  Baneling x12  
  166  10:15  Zergling x8  
  166  10:16  Zergling x4  
  166  10:19  Drone x2  
  174  10:25  Zergling x4  
  174  10:27  Baneling x8  
  174  10:28  Zergling x2  
  175  10:33  Zergling x2, Hatchery  
  175  10:36  Drone x2  
  175  10:42  Zergling x16  
  185  10:53  Zergling x6  
  185  10:54  Zergling x8  
  192  10:58  Overlord  
  192  11:03  Ultralisk Cavern  
  191  11:05  Zergling x8  
  187  11:15  Zergling x2  
  187  11:16  Zergling x16  
  187  11:17  Baneling  
  187  11:18  Baneling x6  
  196  11:19  Baneling  
  196  11:20  Baneling x10  
  175  11:38  Zergling x16  
  171  11:43  Baneling x3  
  171  11:44  Baneling x4  
  171  11:45  Zergling x2  
  171  11:46  Zergling x4  
  172  11:47  Baneling  
  172  11:48  Zergling x12, Baneling x13  
  172  11:49  Zergling x8  
  172  11:51  Zergling x2  
  172  11:52  Baneling x5  
  179  11:56  Zergling x2  
Show
View Real Time Build Order
Export as new Build Order

Kelazhur Terran 

Build Orders: Hellion Opening, Liberator Opening, Reaper Expand 

Get SALT Encoding   

  12  0:00  SCV  
  13  0:12  SCV  
  14  0:17  Supply Depot  
  14  0:25  SCV  
  15  0:38  SCV  
  15  0:40  Barracks  
  16  0:44  Refinery  
  16  0:50  SCV  
  17  1:02  SCV  
  18  1:15  SCV  
  19  1:27  Reaper, Orbital Command  
  20  1:39  Command Center  
  20  1:48  Supply Depot  
  20  1:52  SCV  
  21  1:58  Marine  
  22  2:04  Factory  
  22  2:07  SCV  
  23  2:12  Refinery  
  23  2:19  SCV  
  23  2:21  Barracks Reactor  
  24  2:31  SCV  
  25  2:43  SCV  
  26  2:54  Orbital Command  
  26  2:55  SCV, Starport  
  27  3:04  Hellion x2  
  31  3:08  SCV  
  31  3:10  Supply Depot, Barracks Tech Lab  
  32  3:19  SCV  
  33  3:22  SCV  
  33  3:25  Hellion  
  33  3:26  Hellion  
  38  3:31  Viking, SCV  
  41  3:36  SCV  
  42  3:42  Supply Depot  
  42  3:43  SCV  
  42  3:48  SCV  
  44  3:51  Hellion  
  44  3:52  Hellion  
  48  3:56  SCV  
  48  4:00  SCV  
  50  4:03  Liberator  
  50  4:06  Supply Depot  
  50  4:08  SCV  
  54  4:12  SCV  
  55  4:19  Command Center  
  55  4:20  SCV  
  56  4:24  SCV  
  57  4:32  Supply Depot  
  57  4:35  SCV  
  58  4:38  Barracks  
  58  4:39  Barracks  
  58  4:40  SCV  
  58  4:43  Factory Reactor  
  59  4:47  Stimpack, Marine  
  59  4:48  SCV, Starport Reactor  
  59  4:52  SCV  
  62  4:59  Engineering Bay x2  
  62  5:00  SCV  
  62  5:04  SCV  
  64  5:10  Marine  
  64  5:12  SCV  
  64  5:13  Refinery x2  
  66  5:16  SCV  
  67  5:24  SCV  
  67  5:27  Marine  
  67  5:28  SCV, Marine  
  70  5:32  Orbital Command  
  71  5:36  SCV, Factory Tech Lab  
  71  5:37  Barracks  
  71  5:38  Barracks  
  71  5:39  Medivac x2  
  71  5:40  SCV, Marine  
  71  5:41  Marine  
  77  5:44  Terran Infantry Armor Level 1  
  77  5:48  SCV  
  78  5:52  Marine x3  
  78  5:54  Siege Tank  
  78  5:55  Orbital Command  
  84  5:57  SCV  
  84  6:03  Marine  
  84  6:04  Marine  
  87  6:05  SCV  
  87  6:10  SCV  
  89  6:13  Marine x2  
  89  6:16  Medivac  
  93  6:25  Supply Depot  
  93  6:26  Supply Depot  
  93  6:28  SCV x2, Medivac, Marine  
  93  6:32  Marine  
  97  6:33  Barracks Reactor x2, Marine x2  
  97  6:34  Combat Shield  
  97  6:39  SCV  
  100  6:40  SCV  
  100  6:46  SCV, Supply Depot, Siege Tank  
  105  6:52  Supply Depot, Marine x4  
  109  6:55  Terran Infantry Weapons Level 1  
  109  6:57  SCV  
  109  6:58  SCV  
  111  7:06  Missile Turret  
  111  7:12  Marine x7  
  111  7:13  Marine x2  
  120  7:17  Missile Turret  
  120  7:20  SCV x2, Missile Turret  
  120  7:21  SCV  
  123  7:30  Supply Depot, Marine x5, Siege Tank  
  123  7:31  Marine  
  123  7:34  Armory  
  132  7:38  Refinery  
  132  7:41  SCV, Supply Depot  
  132  7:42  SCV  
  133  7:52  Supply Depot, Marine x8  
  141  8:02  Medivac x2, Marine  
  141  8:03  Supply Depot, Factory  
  146  8:09  Marine x2  
  146  8:10  Marine  
  149  8:13  Marine x5  
  149  8:15  SCV  
  149  8:16  SCV  
  153  8:20  Supply Depot, Marine  
  153  8:21  Terran Infantry Armor Level 2  
  154  8:27  Missile Turret x2, Marine x3  
  154  8:31  Marine x3  
  160  8:40  Marine x3  
  160  8:45  Marine  
  160  8:46  Drilling Claws, Command Center  
  160  8:47  Factory Reactor  
  161  8:49  Widow Mine  
  161  8:50  Barracks x2  
  161  8:55  Marine x5  
  164  8:57  Marine, Terran Infantry Weapons Level 2  
  164  8:58  Marine  
  170  9:06  Marine  
  170  9:09  Supply Depot  
  169  9:10  Supply Depot  
  169  9:11  Medivac x2  
  173  9:18  Supply Depot  
  173  9:19  Supply Depot  
  173  9:30  Thor  
  162  9:33  Marine x9  
  145  9:42  Widow Mine x2  
  145  9:43  Marine x2  
  140  9:51  Marine x6  
  140  9:52  Marine  
  144  9:57  Marine  
  144  9:58  Marauder  
  147  10:02  Marine  
  147  10:05  Widow Mine x2  
  152  10:08  Medivac x2  
  156  10:16  SCV x3  
  156  10:20  Missile Turret, Marine  
  160  10:22  Marine  
  160  10:23  Marine x9  
  160  10:27  Missile Turret  
  168  10:29  Widow Mine x2  
  168  10:35  Thor  
  178  10:38  Marine  
  178  10:39  SCV x3  
  178  10:40  Marine x2  
  182  10:56  Widow Mine x2  
  181  11:06  Missile Turret  
  181  11:08  Marine  
  181  11:09  Marine  
  180  11:12  Marine x9  
  180  11:26  Marine  
  180  11:27  Marine  
  180  11:30  Medivac x2, Marine x9  
  162  11:44  Marine x2  
  154  11:48  Marine x8  

Tags
 
Add a new tag
Caveats
  • Supply blocks, unpowered buildings, or Contaminate may cause inaccurate times.
  • Supply counts are checked every 10 seconds.